 Dungeon Crawl Stone Soup version 0.19.5 (webtiles) character file.

47 JeffiDaFish the Shield-Bearer (level 3, 0/23 HPs)
             Began as a Gargoyle Fighter on Sept 4, 2017.
             Slain by a giant cockroach (1 damage)
             ... on level 2 of the Dungeon.
             The game lasted 00:03:47 (1010 turns).

JeffiDaFish the Shield-Bearer (Gargoyle Fighter)    Turns: 1010, Time: 00:03:47

Health: 0/23       AC: 10    Str: 19    XL:     3   Next: 70%
Magic:  3/3        EV:  7    Int:  8    God:
Gold:   52         SH:  8    Dex:  5    Spells: 0 memorised, 2 levels left

rFire  . . .     SeeInvis .     a - +0 flail
rCold  . . .     Gourm    .     b - +0 scale mail
rNeg   + . .     Faith    .     c - +0 shield
rPois  ∞         Spirit   .     (no helmet)
rElec  +         Reflect  .     (no cloak)
rCorr  .         Harm     .     (no gloves)
MR     .....                    (no boots)
Stlth  ..........               (no amulet)
                                (no ring)
                                i - -3 ring of dexterity

@: no status effects
A: clumsy 1, mutation resistance 1, negative energy resistance 1, electricity
resistance, unbreathing, petrification resistance, rot immunity, AC +3
a: no special abilities


You were on level 2 of the Dungeon.
You were hungry.

You visited 1 branch of the dungeon, and saw 2 of its levels.

You collected 52 gold pieces.

Inventory:

Hand Weapons
 a - a +0 flail (weapon)
Armour
 b - a +0 scale mail (worn)
 c - a +0 shield (worn)
Jewellery
 i - a -3 ring of dexterity (left hand)
Scrolls
 e - a scroll of teleportation
 j - a scroll of identify
Potions
 d - a potion of might
Comestibles
 f - 2 bread rations
 g - 9 chunks of flesh
 h - a meat ration


   Skills:
 + Level 3.6 Fighting
 + Level 2.3 Maces & Flails
 + Level 3.7 Armour
 + Level 0.2 Dodging
 + Level 4.0 Shields


You had 2 spell levels left.
You didn't know any spells.

Dungeon Overview and Level Annotations

Branches:
Dungeon (2/15)

Altars:


Innate Abilities, Weirdness & Mutations

You are resistant to torment.
Your stone body is resilient. (AC +3)
You are immune to poison.
You resist negative energy. (rN+)
You are resistant to electric shocks. (rElec)
You can survive without breathing.
You are immune to petrification.
You are immune to rotting.
You are clumsy. (Dex -2)
You are somewhat resistant to further mutation.


Message History

The frilled lizard bites you but does no damage.
The giant cockroach barely misses you.
The frilled lizard bites you but does no damage.
The giant cockroach bites you but does no damage.
The frilled lizard bites you but does no damage.
The giant cockroach closely misses you. You block the frilled lizard's attack.
The giant cockroach barely misses you. The giant cockroach closely misses you.
The frilled lizard closely misses you.
The giant cockroach bites you but does no damage.
The frilled lizard bites you but does no damage.
The giant cockroach bites you but does no damage.
The frilled lizard completely misses you.
The giant cockroach barely misses you. The frilled lizard barely misses you.
You block the giant cockroach's attack. You block the frilled lizard's attack.
The giant cockroach bites you but does no damage.
The giant cockroach bites you.
* * * LOW HITPOINT WARNING * * *
The frilled lizard bites you but does no damage.
The giant cockroach bites you.
You die...

#.#.#...###..###.## #.
#.#.##.......# #.# #.
#.#.#######..# #.#####.
#.#.#######..# #.......
#.#.##... ...# ######..
#.#.##.####..# #..
#.....>.......#######..
#.>###.####.. #........
#..#..@s(# #.#####.#
#..#.<†l.# #....
#...>......# ###....
##.#......## .....)..
#.#.....#.# ####....
#.###.#.##.# #....
.#... ... ####. # ##.#
## #. ..


You could see a giant cockroach and a frilled lizard.

Vanquished Creatures
  An adder (D:2)
  A dart slug (D:1)
  A leopard gecko (D:2)
  A giant cockroach (D:1)
  5 goblins (D:1)
  3 hobgoblins
  A quokka (D:2)
  2 ball pythons (D:2)
  7 bats
  2 frilled lizards (D:1)
  6 kobolds (D:1)
  5 rats (D:1)
35 creatures vanquished.

Notes
Turn   | Place    | Note
-------+----------+-------------------------------------------
     0 | D:1      | JeffiDaFish the Gargoyle Fighter began the quest for the Orb.
     0 | D:1      | Reached XP level 1. HP: 14/14 MP: 1/1
   103 | D:1      | Reached XP level 2. HP: 7/19 MP: 2/2
   331 | D:1      | Gained mutation: You are somewhat resistant to further mutation. [potion of mutation]
   331 | D:1      | Gained mutation: You are clumsy. (Dex -2) [potion of mutation]
   443 | D:1      | Reached XP level 3. HP: 23/23 MP: 3/3
   754 | D:2      | Found a faded altar of an unknown god.
   818 | D:2      | Reached skill level 4 in Shields
  1009 | D:2      | HP: 1/23 [giant cockroach (2)]
  1010 | D:2      | Slain by a giant cockroach

Skill      XL: |  1  2  3 |
---------------+----------+-----
Shields        | 4 |  4.0
Fighting       | |  3.6
Maces & Flails | |  2.3
Armour         | |  3.7
Dodging        | |  0.2

Action                   || total
-------------------------++-------
Melee: Flail             ||   125
  Use: Scroll            ||     5
       Potion            ||     4
Armor: Scale mail        ||   127
Dodge: Dodged            ||    82
Block: Shield            ||   115
